Map: Ever Dream LE

Players

Naxin

  • Race: Terran Terran
  • Spawn Location: 7:00

Rex - Winner!

  • Race: Zerg Zerg
  • League: Master
  • Spawn Location: 1:00

Event: DreamHack SC2 Masters 2020 Summer TwHkMoJp

VOD

Have the link to the VOD?

Description

Time

  • Played on: June 24, 2020, 9:04 a.m.
  • Length: 12:28

All games in this series

Show
View Real Time Build Order
Export as new Build Order

Naxin Terran 

Build Orders: Reaper Expand, Banshee Rush 

Get SALT Encoding   

  12  0:00  SCV  
  13  0:12  SCV  
  14  0:17  Supply Depot  
  14  0:25  SCV  
  15  0:39  SCV  
  15  0:40  Barracks  
  16  0:44  Refinery  
  16  0:51  SCV  
  17  1:03  SCV  
  18  1:15  SCV  
  19  1:28  Orbital Command, Reaper  
  20  1:39  Command Center  
  20  1:47  Supply Depot  
  20  1:54  SCV  
  21  1:59  Marine  
  22  2:06  SCV  
  23  2:11  Factory  
  23  2:15  Refinery  
  23  2:18  SCV  
  23  2:22  Barracks Reactor  
  24  2:30  SCV  
  25  2:39  Bunker  
  25  2:42  SCV  
  26  2:50  Orbital Command  
  25  2:54  Starport, SCV  
  28  3:05  Barracks Tech Lab  
  28  3:06  Hellion x2, SCV  
  31  3:17  Supply Depot, SCV  
  31  3:18  SCV  
  35  3:27  Hellion x2  
  35  3:30  SCV  
  35  3:31  SCV  
  35  3:32  Barracks Tech Lab  
  39  3:38  Cloaking Field  
  39  3:43  Banshee  
  39  3:44  Supply Depot  
  39  3:46  SCV  
  39  3:47  SCV  
  44  3:54  Marine  
  45  3:55  Stimpack  
  45  3:58  SCV  
  45  4:00  SCV  
  46  4:11  SCV  
  46  4:12  SCV  
  46  4:15  Command Center  
  48  4:23  SCV  
  49  4:25  SCV  
  49  4:26  Banshee  
  51  4:35  SCV  
  51  4:37  SCV  
  53  4:39  Marine  
  53  4:42  Supply Depot  
  54  4:47  SCV  
  54  4:49  SCV, Barracks  
  54  4:50  Barracks  
  54  4:52  Factory Reactor  
  56  4:59  Engineering Bay, SCV  
  57  5:00  Engineering Bay  
  57  5:01  SCV  
  57  5:05  Refinery  
  57  5:06  Refinery  
  58  5:07  Supply Depot  
  58  5:11  Reaper, SCV  
  60  5:15  SCV  
  61  5:24  SCV  
  61  5:26  Terran Infantry Weapons Level 1, Terran Infantry Armor Level 1  
  62  5:30  SCV  
  63  5:36  Marine x2, SCV  
  63  5:37  Siege Tank  
  63  5:39  Supply Depot  
  63  5:41  Starport Reactor  
  69  5:42  Marine, SCV  
  69  5:47  Marine x2  
  69  5:48  SCV  
  75  5:53  Marine  
  75  5:54  Marine  
  75  5:56  Combat Shield  
  76  5:59  SCV  
  76  6:00  Marine  
  78  6:04  Marine x2  
  78  6:09  SCV  
  78  6:11  Siege Tank, Marine x2  
  84  6:16  Armory  
  84  6:17  Supply Depot, SCV  
  84  6:18  Marine  
  87  6:19  Supply Depot  
  87  6:22  Marine x2  
  87  6:23  Orbital Command  
  90  6:29  Marine  
  90  6:32  SCV  
  92  6:34  Marine  
  92  6:36  Marine, Medivac x2  
  92  6:39  SCV  
  99  6:44  Marine x2, SCV  
  99  6:45  Siege Tank  
  105  6:50  Marine  
  105  6:51  SCV  
  105  6:52  Marine  
  105  6:53  Supply Depot  
  108  6:55  SCV  
  108  6:56  SCV  
  108  6:58  Refinery  
  108  6:59  Supply Depot  
  110  7:04  Marine x2  
  110  7:06  Medivac  
  113  7:15  Marine  
  113  7:16  Marauder, Marine  
  113  7:17  Siege Tank, Medivac  
  113  7:20  Orbital Command  
  119  7:47  Terran Infantry Weapons Level 2  
  119  7:48  Supply Depot x2, Marine x4, Terran Infantry Armor Level 2, SCV x2  
  125  8:06  Supply Depot  
  125  8:09  Siege Tank, Supply Depot, Marine x2, SCV x3  
  125  8:10  Terran Vehicle Weapons Level 1  
  133  8:13  Supply Depot  
  133  8:19  Marine x3  
  135  8:27  Marine x2  
  135  8:33  Barracks  
  137  8:35  Barracks  
  137  8:37  Marine x3  
  140  8:41  Siege Tank  
  140  8:45  Marine x2  
  145  8:51  Missile Turret  
  145  8:52  Missile Turret x2  
  145  8:55  Marine x3  
  148  9:02  Marine  
  148  9:03  Marauder  
  148  9:04  Missile Turret  
  151  9:12  Factory, Marine  
  151  9:13  Siege Tank, Marine x2  
  157  9:22  Barracks Reactor x2  
  157  9:24  Missile Turret  
  157  9:25  Supply Depot  
  157  9:33  Refinery  
  157  9:35  Supply Depot  
  157  9:36  Supply Depot  
  157  9:43  Supply Depot, Marine x2, Marauder, Medivac x2  
  165  9:46  Siege Tank, Reaper  
  169  9:57  Factory Tech Lab  
  169  9:58  Marine  
  170  10:00  Marine x2  
  170  10:01  Marine x3  
  170  10:05  Marauder  
  174  10:25  Marine  
  174  10:26  Marauder  
  177  10:32  Siege Tank  
  180  10:39  Marine x3  
  183  10:45  Missile Turret  
  183  10:46  Marine x3  
  183  10:48  Marauder  
  183  10:49  Missile Turret  
  185  10:52  Marine x2  
  183  11:00  Missile Turret  
  183  11:04  Marine  
  172  11:09  Marauder, Marine x4  
  177  11:15  Marine x2  
  177  11:18  Marine  
  175  11:19  Medivac x2  
  175  11:22  Marine  
  178  11:26  Orbital Command  
  178  11:29  Marine  
  178  11:30  Siege Tank, Marine x2  
  178  11:31  Marauder  
  163  11:37  Marine  
  143  11:56  Bunker  
Show
View Real Time Build Order
Export as new Build Order

Rex Zerg - Winner!

Build Orders: Pool First, Muta Ling Bane 

Get SALT Encoding   

  12  0:00  Drone  
  13  0:13  Overlord  
  13  0:18  Drone  
  14  0:31  Drone x2  
  16  0:41  Spawning Pool  
  15  0:44  Drone  
  15  0:48  Drone  
  17  1:09  Hatchery  
  16  1:12  Drone  
  17  1:27  Extractor  
  17  1:28  Zergling x4  
  17  1:29  Zergling x2  
  19  1:33  Queen  
  21  1:40  Overlord  
  21  1:51  Drone  
  22  2:01  Drone  
  22  2:06  Spine Crawler  
  22  2:11  Queen  
  25  2:16  Drone  
  25  2:22  Drone x2  
  28  2:23  Queen  
  30  2:33  Drone x2  
  32  2:39  Metabolic Boost  
  32  2:46  Drone x3  
  35  2:55  Overlord  
  35  3:08  Hatchery  
  35  3:12  Drone x2  
  36  3:16  Drone x2  
  36  3:17  Drone  
  39  3:23  Overlord  
  39  3:25  Drone  
  39  3:26  Drone  
  41  3:34  Drone x3  
  44  3:41  Overlord  
  44  3:42  Queen  
  44  3:48  Zergling x6  
  48  3:53  Drone  
  50  3:57  Drone x2  
  50  3:58  Overlord  
  52  4:12  Overlord x2  
  52  4:13  Drone  
  52  4:15  Extractor  
  52  4:17  Drone x4  
  52  4:19  Evolution Chamber  
  52  4:20  Evolution Chamber, Queen  
  56  4:29  Drone x5  
  56  4:31  Spore Crawler  
  59  4:33  Spore Crawler  
  57  4:38  Drone x2  
  57  4:45  Spore Crawler  
  58  4:47  Zerg Ground Armor Level 1  
  58  4:49  Zergling x6  
  61  4:59  Drone x3  
  64  5:01  Extractor, Queen  
  64  5:03  Drone x3  
  69  5:07  Drone  
  69  5:10  Drone x2  
  69  5:11  Drone  
  69  5:13  Zerg Melee Weapons Level 1  
  72  5:14  Drone  
  72  5:17  Overlord  
  72  5:18  Drone x2  
  72  5:19  Drone  
  76  5:21  Overlord  
  76  5:25  Drone x2  
  76  5:28  Overlord  
  78  5:31  Extractor  
  78  5:33  Drone x2  
  78  5:34  Lair  
  79  5:37  Drone  
  79  5:39  Extractor x2  
  79  5:41  Drone  
  79  5:46  Drone x3  
  82  5:50  Drone  
  82  5:56  Baneling Nest  
  82  5:57  Spore Crawler  
  82  5:59  Drone x7  
  88  6:05  Drone x3  
  88  6:06  Hatchery  
  88  6:07  Extractor  
  89  6:16  Drone  
  89  6:17  Zergling x12  
  95  6:24  Hatchery  
  95  6:25  Zergling x12  
  100  6:34  Zergling x6, Spire  
  100  6:39  Zergling x12  
  108  6:41  Overseer  
  108  6:43  Zergling x2  
  109  6:47  Zergling x4  
  109  6:54  Zergling x6  
  114  6:55  Baneling x8, Centrifical Hooks  
  114  7:00  Overlord x3  
  114  7:07  Overlord x2  
  114  7:08  Overlord  
  114  7:09  Baneling x7  
  114  7:10  Baneling  
  114  7:13  Baneling  
  114  7:21  Zergling x14  
  120  7:26  Zergling x2  
  120  7:30  Zergling x8  
  120  7:34  Zergling x2  
  125  7:41  Hatchery  
  120  7:44  Zergling x8  
  120  7:48  Mutalisk  
  120  7:49  Mutalisk x4  
  134  7:53  Mutalisk  
  134  7:57  Pneumatized Carapace  
  134  7:58  Zerg Ground Armor Level 2  
  136  8:00  Zergling x12  
  141  8:11  Zerg Melee Weapons Level 2  
  141  8:12  Zergling x2  
  142  8:13  Zergling x12  
  142  8:17  Zergling x6  
  142  8:18  Baneling x10  
  151  8:26  Zergling x4  
  153  8:28  Overlord  
  153  8:32  Hatchery  
  152  8:40  Mutalisk x3  
  157  8:44  Zergling x8  
  157  8:45  Zergling x8  
  165  8:49  Drone x2  
  165  8:50  Drone x2  
  169  8:56  Zergling x6  
  169  8:59  Overseer  
  169  9:02  Zergling x6  
  175  9:07  Mutalisk  
  175  9:08  Mutalisk x2  
  175  9:09  Overlord  
  181  9:12  Zerg Flyer Weapons Level 1  
  181  9:22  Baneling x11  
  181  9:37  Infestation Pit  
  180  9:41  Baneling  
  180  9:42  Baneling x8, Zergling x14  
  180  9:43  Zergling x4  
  180  9:44  Overlord x3  
  189  9:49  Spore Crawler  
  189  9:51  Overlord  
  189  9:52  Overlord  
  188  9:57  Overlord  
  188  10:03  Zergling x10  
  188  10:04  Zergling x10  
  188  10:05  Baneling x3  
  198  10:07  Hatchery  
  198  10:12  Zergling x8  
  199  10:19  Zergling x8  
  199  10:28  Mutalisk  
  184  10:44  Zergling x22  
  184  10:45  Zergling x8  
  196  10:58  Hive  
  196  11:10  Zergling x8  
  200  11:12  Baneling x8  
  200  11:20  Baneling x12  
  193  11:26  Zergling x2  
  193  11:27  Zergling x16  
  193  11:36  Zergling x16  
  193  11:37  Zergling x4  
  193  11:38  Baneling  
  193  11:39  Baneling x16  
  191  11:44  Zergling x12  
  188  11:51  Zergling x26  
  197  11:59  Zergling x6  
  194  12:01  Drone  
  194  12:02  Drone x2  
  194  12:05  Baneling x15  
  194  12:07  Zergling x4  
Tags
 
Add a new tag
Caveats
  • Supply blocks, unpowered buildings, or Contaminate may cause inaccurate times.
  • Supply counts are checked every 10 seconds.